 Dungeon Crawl Stone Soup version 0.29-a0-802-g34511f41fd (webtiles) character file.

Game seed: 1424074496974237026

34 lesbiats the Prestidigitator (level 3, 0/25 HPs)
             Began as a Gnoll Wanderer on July 3, 2022.
             Succumbed to an adder's poison
             ... on level 2 of the Dungeon.
             The game lasted 00:05:56 (1339 turns).

lesbiats the Prestidigitator (Gnoll Wanderer)       Turns: 1339, Time: 00:05:57

Health: 0/25       AC:  5    Str: 16    XL:     3   Next: 31%
Magic:  4/4        EV: 11    Int: 18    God:
Gold:   59         SH:  0    Dex: 13    Spells: 3/3 levels left

rFire   . . .      SeeInvis .   g - +0 falchion
rCold   . . .      Faith    .   (no shield)
rNeg    . . .      Spirit   .   o - +0 ring mail
rPois   .          Reflect  .   (no helmet)
rElec   .          Harm     .   (no cloak)
rCorr   .          Rampage  .   (no gloves)
Will    .....                   (no boots)
Stlth   +.........              (no amulet)
HPRegen 0.08/turn               h - +6 ring of intelligence
MPRegen 0.09/turn               p - +6 ring of strength

@: lethally poisoned (0 -> -6)
A: fangs 1, strong nose, distributed training
a: no special abilities


You were on level 2 of the Dungeon.
You visited 1 branch of the dungeon, and saw 2 of its levels.

You collected 59 gold pieces.

Inventory:

Hand Weapons
 a - a +0 dagger
 g - a +0 falchion (weapon)
Missiles
 c - 10 boomerangs (quivered)
 m - 4 large rocks
Armour
 f - a +0 robe
 i - a scarf of harm
 o - a +0 ring mail (worn)
Jewellery
 h - a +6 ring of intelligence (left hand)
 p - a +6 ring of strength (right hand)
Wands
 d - a wand of quicksilver (4)
Scrolls
 b - a scroll of fog
 k - a scroll of amnesia {unknown}
 l - 2 scrolls of enchant armour {unknown}
Potions
 j - a potion of flight {unknown}
 n - a potion of mutation {unknown}


   Skills:
 + Level 0.8 Fighting
 + Level 0.8 Short Blades
 + Level 0.8 Long Blades
 + Level 0.8 Axes
 + Level 0.8 Maces & Flails
 + Level 0.8 Polearms
 + Level 0.8 Staves
 + Level 0.8 Ranged Weapons
 + Level 4.5 Throwing
 + Level 0.8 Armour
 + Level 2.6 Dodging
 + Level 0.8 Stealth
 + Level 0.8 Shields
 + Level 4.5 Unarmed Combat
 + Level 0.8 Spellcasting
 + Level 0.5 Conjurations
 + Level 0.5 Hexes
 + Level 0.5 Summonings
 + Level 0.5 Necromancy
 + Level 0.5 Translocations
 + Level 0.5 Transmutations
 + Level 0.5 Fire Magic
 + Level 0.5 Ice Magic
 + Level 0.5 Air Magic
 + Level 0.5 Earth Magic
 + Level 0.5 Poison Magic
 + Level 1.0 Invocations
 + Level 10.4 Evocations


You had 3 spell levels left.
You didn't know any spells.
Your spell library was empty.

Dungeon Overview and Level Annotations

Branches:
Dungeon (2/15)

Altars:


Innate Abilities, Weirdness & Mutations

You have very sharp teeth.
Your uncanny sense of smell can sniff out nearby items.
Your experience applies equally to all skills.


Message History

* * * LOW HITPOINT WARNING * * *
You feel sick.
You are no longer poisoned.
The adder barely misses you. The adder misses you.
The adder completely misses you.
You feel better.
The adder bites you but does no damage. x3
You closely miss the adder. The adder closely misses you.
The adder completely misses you. The adder barely misses you.
The adder attacks as you move away! The adder bites you but does no damage.
An endoplasm comes into view.
The adder bites you.
You miss the adder.
The endoplasm quivers.
You closely miss the adder.
The adder is heavily wounded.
The adder barely misses you. The adder bites you.
You are poisoned.
The adder poisons you! The adder misses you.
The adder bites you but does no damage.
You hit the adder.
The adder is lightly wounded.
You feel very sick. The adder bites you but does no damage.
The adder closely misses you. The adder bites you.
* * * LOW HITPOINT WARNING * * *
You are lethally poisoned!
The adder poisons you!
You closely miss the adder.
The adder is heavily wounded.
* * * LOW HITPOINT WARNING * * *
You feel very sick. The adder completely misses you.
The adder closely misses you. The adder bites you but does no damage.
You closely miss the adder.
The adder is lightly wounded.
* * * LOW HITPOINT WARNING * * *
You feel sick. The adder closely misses you. The adder barely misses you.
The adder completely misses you. The adder bites you but does no damage.
You barely miss the adder.
You die...

#.... #... #...
##.. #... #.##
#..#+#
.....#J.#$#
......S@#.######
.....##S#......#
.... #J........
..... ##....$...
.....##.###....
....S........[.
....###.###....
.. #....# ##
#..#.#


You could see 2 adders and 2 endoplasms.

Vanquished Creatures
  2 dart slugs (D:1)
  5 bats
  An endoplasm (D:1)
  3 giant cockroaches (D:1)
  2 goblins (D:1)
  4 hobgoblins (D:1)
  3 jackals (D:1)
  A quokka (D:1)
  A frilled lizard (D:1)
  A kobold (D:1)
  3 rats (D:1)
26 creatures vanquished.

Notes
Turn   | Place    | Note
-------+----------+-------------------------------------------
     0 | D:1      | Reached skill level 10 in Evocations
     0 | D:1      | lesbiats the Gnoll Wanderer began the quest for the Orb.
     0 | D:1      | lesbiats set off with the following items: a +0 dagger, a
                  | scroll of fog, 10 boomerangs, a wand of quicksilver (4), a
                  | potion of curing, a +0 robe.
     0 | D:1      | Reached XP level 1. HP: 13/13 MP: 1/1
   336 | D:1      | Reached XP level 2. HP: 19/19 MP: 2/2
   945 | D:1      | Reached XP level 3. HP: 19/25 MP: 3/3
  1308 | D:2      | Reached skill level 1 in Invocations
  1339 | D:2      | Succumbed to an adder's poison

Illustrated notes

Levels and vault maps discovered:
D:1:      evilmike_arrival_fibonacci_small, layout_basic
D:2:      layout_basic, st_stairs_9, feat_on_display

Skill      XL: |  1  2  3 |
---------------+----------+-----
Evocations     | | 10.4
Invocations    | 1 |  1.0
Fighting       | |  0.8
Short Blades   | |  0.8
Long Blades    | |  0.8
Axes           | |  0.8
Maces & Flails | |  0.8
Polearms       | |  0.8
Staves         | |  0.8
Ranged Weapons | |  0.8
Throwing       | |  4.5
Armour         | |  0.8
Dodging        | |  2.6
Stealth        | |  0.8
Shields        | |  0.8
Unarmed Combat | |  4.5
Spellcasting   | |  0.8
Conjurations   | |  0.5
Hexes          | |  0.5
Summonings     | |  0.5
Necromancy     | |  0.5
Translocations | |  0.5
Transmutations | |  0.5
Fire Magic     | |  0.5
Ice Magic      | |  0.5
Air Magic      | |  0.5
Earth Magic    | |  0.5
Poison Magic   | |  0.5

Action                   || total
-------------------------++-------
Melee: Falchion          ||   117
       Bite              ||     6
Throw: Boomerang         ||     2
  Use: Potion            ||     1
Armor: Robe              ||    11
       Ring mail         ||    41
Dodge: Dodged            ||   115

Table legend: (Time is in decaauts)
 A = Elapsed time spent in this place.
 B = Non-inter-level travel time spent in this place.
 C = Inter-level travel time spent in this place.
 D = Time resting spent in this place.
 E = Time spent auto-exploring this place.
 F = Levels seen in this place.
 G = Mean time per level.
                   A        B        C        D        E       F      G
               +--------+--------+--------+--------+--------+-----+--------+
         Total |   1369 |   1369 |      0 |    404 |    547 |   2 |  684.5 |
       Dungeon |   1369 |   1369 |      0 |    404 |    547 |   2 |  684.5 |
               +--------+--------+--------+--------+--------+-----+--------+

Top non-repeatable levels by time:
     D:1: 1310 daAuts
     D:2: 58 daAuts
